Match 28338187
Unlisted

Match 28338187
End
Construct Barracks
Selects Advanced Infantry Battlegroup
Riflemen Squad
M1 Mortar Team
Construct Weapon Support Center
M1919 Machine Gun Team
Selects Convert to Ranger Squad
Convert to Ranger Squad
Infantry Support Center
Survival Training
Ranger Squad
Selects Frontline Medical Station
Frontline Medical Station
Advanced Logistics
Selects Artillery Observers
Improved M9 Bazooka Rockets
Engineer Squad
M3 Armored Personnel Carrier
Frontline Medical Station
Bazooka Squad
Selects Infantry Assault
Selects M2A1 105mm Howitzer Emplacement
Ranger Squad
Selects 155mm Rapid Artillery Barrage
155mm Rapid Artillery Barrage
155mm Rapid Artillery Barrage
Selects Ranger Weapon Training
155mm Rapid Artillery Barrage
155mm Rapid Artillery Barrage
155mm Rapid Artillery Barrage
Demolitions Package
Frontline Medical Station
155mm Rapid Artillery Barrage
Bazooka Squad
155mm Rapid Artillery Barrage
Engineer Squad
155mm Rapid Artillery Barrage
小人物
iAinEng
那晚她才16
Akaxiya
SΛMĪ ✯
btbuk1
ganxuezhao1
Therainclouds
0
0

Comments sign in to comment!

No comments posted yet!